 Dungeon Crawl Stone Soup version 0.30-a0-634-g8abc85282e (webtiles) character file.

Game seed: 2410539501182199361

1 wormed the Trooper (level 1, 0/11 HPs)
             Began as a Vine Stalker Berserker on Jan 14, 2023.
             Was a Follower of Trog.
             Slain by a hobgoblin (5 damage)
             ... on level 1 of the Dungeon.
             The game lasted 00:00:07 (36 turns).

wormed the Trooper (Vine Stalker Berserker)           Turns: 36, Time: 00:00:08

Health: 0/11       AC:  2    Str: 19    XL:     1   Next: 20%
Magic:  0/2        EV:  9    Int:  7    God:    Trog [*.....]
Gold:   2          SH:  0    Dex: 13    Spells: 0/0 levels left

rFire   . . .      SeeInvis .    a - +0 mace
rCold   . . .      Faith    .    (no shield)
rNeg    . . .      Spirit   +    b - +0 animal skin
rPois   .          Reflect  .    (no helmet)
rElec   .          Harm     .    (no cloak)
rCorr   .          Rampage  .    (no gloves)
Will    .....                    (no boots)
Stlth   +                        (no amulet)
HPRegen 0.21/turn                (no ring)
MPRegen 0.08/turn                (no ring)

@: constricted
A: fangs 2, magic shield, antimagic bite, no potion heal 2
a: Renounce Religion, Berserk


You were on level 1 of the Dungeon.
You worshipped Trog.
Trog was aware of your devotion.
You visited 1 branch of the dungeon, and saw 1 of its levels.

You collected 2 gold pieces.

Inventory:

Hand Weapons
 a - a +0 mace (weapon)
Armour
 b - a +0 animal skin (worn)
Scrolls
 c - a scroll of identify {unknown}


   Skills:
 + Level 2.7 Fighting
 * Level 2.7 Maces & Flails
 + Level 1.5 Armour
 + Level 1.6 Dodging
 + Level 0.0 Shields


You couldn't memorise any spells.
You didn't know any spells.
Your spell library was empty.

Dungeon Overview and Level Annotations

Branches:
Dungeon (1/15)

Altars:


Innate Abilities, Weirdness & Mutations

You have extremely sharp teeth.
When hurt, damage is shared between your health and your magic reserves.
Your bite disrupts and absorbs the magic of your enemies.
Potions cannot restore your health.


Message History

Found a staircase leading out of the dungeon.
The kobold shouts!
You now have 2 gold pieces.
You open the gate.
There is an open gate here.
c - a scroll labelled JAXZAQ HEXASHRYSYMU You see here a stone.
You open the huge gate.
There is a huge open gate here.
A kobold comes into view. It is wielding a +0 short sword.
The kobold shouts!
You hear a shout!
You hear an angry hiss.
A ball python comes into view.
There are monsters nearby!
There are monsters nearby!
You closely miss the kobold. The kobold barely misses you.
You barely miss the kobold. Your bite misses the kobold.
A hobgoblin comes into view.
The kobold misses you.
You closely miss the kobold. The kobold completely misses you.
You closely miss the kobold. Your bite misses the kobold.
The kobold hits you with a +0 short sword.
The kobold hits you but does no damage.
You hit the kobold but do no damage. You bite the kobold. You drain its power.
You feel invigorated.
The kobold is moderately wounded.
The kobold misses you. The hobgoblin hits you.
You hit the kobold.
You kill the kobold!
Trog accepts your kill. The ball python misses you. The ball python grabs you.
The ball python constricts you. The hobgoblin hits you.
You closely miss the ball python. Your bite misses the ball python.
The ball python closely misses you. The ball python constricts you.
The hobgoblin hits you. The ball python bites you.
The ball python constricts you.
You hit the hobgoblin but do no damage.
The hobgoblin hits you but does no damage.
The ball python bites you but does no damage.
The ball python constricts you. The hobgoblin hits you.
You die...

#....# ... #....# ##..
#....# # ...
###....###.### ###..
##.............
....###...##'''''##.
#..#...###..(....###
#.)#..##...........#
#.g@..##...........#
#.S..#######'''#####
~~......#K#...........#
≈≈~≈.....###..8.###.8..#
≈~≈≈~....#≈.............
~.~~≈#...#~.............
#≈≈~≈#...#≈~...........~
#≈≈≈≈#...#≈≈~~.......~~~
#≈≈≈~~~~.~≈~≈≈≈


You could see a hobgoblin and a ball python.

Vanquished Creatures
  A kobold (D:1)
1 creature vanquished.

Notes
Turn   | Place    | Note
-------+----------+-------------------------------------------
     0 | D:1      | wormed the Vine Stalker Berserker began the quest for the
                  | Orb.
     0 | D:1      | Reached XP level 1. HP: 11/11 MP: 2/2
    36 | D:1      | Slain by a hobgoblin

Illustrated notes

Levels and vault maps discovered:
D:1:      lordsloth_arrival_two_stooges, layout_basic, chequers_big_river,
          chequers_serial_rivers_large_a, st_stairs_4, minmay_tetromino_l4

Action                   || total
-------------------------++-------
Melee: Mace              ||     8
       Bite              ||     1
Armor: Animal skin       ||     3
Dodge: Dodged            ||     6

Table legend: (Time is in decaauts)
 A = Elapsed time spent in this place.
 B = Non-inter-level travel time spent in this place.
 C = Inter-level travel time spent in this place.
 D = Time resting spent in this place.
 E = Time spent auto-exploring this place.
 F = Levels seen in this place.
 G = Mean time per level.
                   A        B        C        D        E       F      G
               +--------+--------+--------+--------+--------+-----+--------+
         Total |     37 |     37 |      0 |      0 |     27 |   1 |   37.0 |
       Dungeon |     37 |     37 |      0 |      0 |     27 |   1 |   37.0 |
               +--------+--------+--------+--------+--------+-----+--------+

Top non-repeatable levels by time:
     D:1: 37 daAuts
